 Dungeon Crawl Stone Soup version 0.28-a0-1365-g7e0445c96d (webtiles) character file.

Game seed: 16148407202029011822

72529 ChaosChampion the Bludgeoner (level 15, -14/138 HPs)
             Began as a Hill Orc Fighter on Dec 31, 2021.
             Was the Champion of Beogh.
             Demolished by a bunyip (26 damage)
             ... on level 1 of the Swamp.
             The game lasted 00:54:00 (30718 turns).

ChaosChampion the Bludgeoner (Hill Orc Fighter)    Turns: 30718, Time: 00:54:00

Health: -14/138    AC: 22    Str: 33    XL:     15   Next: 40%
Magic:  6/6        EV:  8    Int:  8    God:    Beogh [******]
Gold:   234        SH: 14    Dex: 22    Spells: 14/14 levels left

rFire   + + +      SeeInvis .   N - +10 whip "Newtslayer" {antimagic, rF+++ Will+ Dex+4 Stlth-}
rCold   . . .      Faith    .   S - +0 kite shield
rNeg    . . .      Spirit   .   o - +1 plate armour {rPois}
rPois   +          Reflect  .   (helmet restricted)
rElec   .          Harm     .   R - scarf {repulsion}
rCorr   .          Rampage  .   e - +0 pair of gloves
Will    ++...                   B - +1 pair of boots
Stlth   ..........              H - amulet of the acrobat
HPRegen 0.33/turn               y - +6 ring of strength
MPRegen 0.10/turn               z - +6 ring of dexterity

@: studying Stealth, repel missiles
A: walk on water, horns 1, iridescent scales 1, agile 1, screaming 1
a: Renounce Religion, Smiting, Recall Orcish Followers, Give Item to Named
Follower, Resurrection


You were on level 1 of the Swamp.
You worshipped Beogh.
Beogh was exalted by your worship.
You visited 4 branches of the dungeon, and saw 22 of its levels.
You also visited: Ice Cave.

You collected 2534 gold pieces.
You spent 2300 gold pieces at shops.

Inventory:

Hand Weapons
 g - a +3 spear of flaming
 p - a +3 vorpal spear
 D - a +3 spear
 E - the +9 dagger of Wu Jian's Benevolence {drain, Int+3}
   (You took it off an orc priest on level 7 of the Dungeon)

   A truly terrible weapon, it drains the life of any living foe it strikes.
   Int:       It affects your intelligence (+3).
 N - the +10 whip "Newtslayer" (weapon) {antimagic, rF+++ Will+ Dex+4 Stlth-}
   (You found it on level 9 of the Dungeon)

   It reduces the magical energy of the wielder, and disrupts the spells and
   magical abilities of those it strikes.
   Natural abilities and divine invocations are not affected.
   Dex:       It affects your dexterity (+4).
   rF:        It renders you almost immune to fire.
   Will:      It increases your willpower.
   Stlth:     It makes you less stealthy.
 Q - the +2 long sword of Welfare {vorpal, rC+ rCorr Int+4 Stlth-}
   (You found it on level 2 of the Lair of Beasts)

   It inflicts extra damage upon your enemies.
   Int:       It affects your intelligence (+4).
   rC:        It protects you from cold.
   rCorr:     It protects you from acid and corrosion.
   Stlth:     It makes you less stealthy.
Missiles
 A - a throwing net
Armour
 e - a +0 pair of gloves (worn)
 h - a +2 cloak of poison resistance
 o - a +1 plate armour of poison resistance (worn)
 x - a +2 ring mail of willpower
 B - a +1 pair of boots (worn)
 J - the +8 fire dragon scales "Finoa" {rF++ rC- Int+4 Slay+3}
   (You bought it in a shop on level 2 of the Orcish Mines)

   Int:       It affects your intelligence (+4).
   Slay:      It affects your accuracy & damage with ranged weapons and melee
   (+3).
   rF:        It greatly protects you from fire.
   rC:        It makes you vulnerable to cold.
 R - a scarf of repulsion (worn)
 S - a +0 kite shield (worn)
 V - a +0 kite shield
Jewellery
 b - a ring of flight
 y - a +6 ring of strength (left hand)
 z - a +6 ring of dexterity (right hand)
 F - a ring of fire
 H - an amulet of the acrobat (around neck)
 T - a ring of protection from cold
Scrolls
 j - 3 scrolls of identify
 k - 5 scrolls of fear
 l - 7 scrolls of teleportation
 m - 3 scrolls of fog
 q - a scroll of brand weapon
 t - a scroll of immolation {unknown}
 O - 3 scrolls of amnesia
 P - 3 scrolls of enchant armour
 Z - 2 scrolls of holy word
Potions
 a - 3 potions of magic
 c - a potion of heal wounds
 d - 3 potions of might
 f - 2 potions of berserk rage
 i - 9 potions of ambrosia
 n - 9 potions of curing
 r - 2 potions of resistance
 s - 3 potions of mutation
 u - 3 potions of brilliance
 v - 3 potions of cancellation
 w - 4 potions of flight
 C - a potion of invisibility {unknown}
 G - 3 potions of haste {unknown}


   Skills:
 + Level 14.2 Fighting
 - Level 15.4(19.4) Axes
 * Level 16.5(18.3) Maces & Flails
 + Level 11.9 Armour
 + Level 11.9 Shields
 - Level 6.0 Invocations


You had 14 spell levels left.
You didn't know any spells.
Your spell library contained the following spells:

 Spells                   Type           Power      Damage    Failure   Level
 Freeze                   Ice            0%         1d3       98%         1
 Magic Dart               Conj           0%         1d3       98%         1
 Pain                     Necr           0%         1d4       98%         1
 Sandblast                Erth           0%         2d4       98%         1
 Sting                    Tmut/Pois      0%         1d3       98%         1
 Poisonous Vapours        Pois/Air       0%         N/A       99%         2
 Searing Ray              Conj           0%         2d4       99%         2
 Call Canine Familiar     Summ           0%         N/A       100%        3
 Conjure Flame            Conj/Fire      0%         6-21      100%        3
 Dazzling Flash           Conj/Hex       0%         N/A       100%        3
 Gell's Gravitas          Tloc           0%         N/A       100%        3
 Ignite Poison            Fire/Tmut/Pois 0%         N/A       100%        3
 Inner Flame              Hex/Fire       0%         N/A       100%        3
 Lesser Beckoning         Tloc           0%         N/A       100%        3
 Mephitic Cloud           Conj/Pois/Air  0%         N/A       100%        3
 Ozocubu's Armour         Ice            0%         N/A       100%        3
 Portal Projectile        Hex/Tloc       0%         N/A       100%        3
 Stone Arrow              Conj/Erth      0%         3d7       100%        3
 Teleport Other           Tloc           0%         N/A       100%        3
 Vampiric Draining        Necr           0%         2d6       100%        3
 Animate Armour           Summ/Erth      0%         N/A       100%        4
 Cause Fear               Hex            0%         N/A       100%        4
 Dispel Undead            Necr           0%         3d6       100%        4
 Fulminant Prism          Conj/Hex       0%         3d6       100%        4
 Hailstorm                Conj/Ice       0%         3d3       100%        4
 Ice Form                 Ice/Tmut       0%         N/A       100%        4
 Leda's Liquefaction      Hex/Erth       0%         N/A       100%        4
 Olgreb's Toxic Radiance  Pois           0%         N/A       100%        4
 Sticky Flame             Conj/Fire      0%         2d3       100%        4
 Summon Lightning Spire   Summ/Air       0%         N/A       100%        4
 Agony                    Necr           0%         N/A       100%        5
 Freezing Cloud           Conj/Ice/Air   0%         6-21      100%        5
 Iskenderun's Battlesphe  Conj           0%         2d6       100%        5
 Lightning Bolt           Conj/Air       0%         1d11      100%        5
 Metabolic Englaciation   Hex/Ice        0%         N/A       100%        5
 Silence                  Hex/Air        0%         N/A       100%        5
 Conjure Ball Lightning   Conj/Air       0%         3x3d6     100%        6
 Iron Shot                Conj/Erth      0%         9d1       100%        6
 Simulacrum               Ice/Necr       0%         N/A       100%        6
 Ozocubu's Refrigeration  Ice            0%         4d5       100%        7
 Spellforged Servitor     Conj/Summ      0%         N/A       100%        7
 Storm Form               Tmut/Air       0%         N/A       100%        7
 Discord                  Hex            0%         N/A       100%        8
 Infestation              Necr           0%         N/A       100%        8
 Lehudib's Crystal Spear  Conj/Erth      0%         10d2      100%        8
 Maxwell's Capacitive Co  Air            0%         ∞         100%        8
 Necromutation            Tmut/Necr      0%         N/A       100%        8


Dungeon Overview and Level Annotations

Branches:
Dungeon (13/15)            Temple (0/1) D:7            Lair (6/6) D:9
  Swamp (1/4) Lair:4       Spider (0/4) Lair:2        Slime (0/5) Lair:6
    Orc (2/2) D:10         Vaults (0/5) D:13          IceCv (visited)
    Elf: Orc:2

Altars:
Fedhas
Gozag
Kikubaaqudgha
Makhleb
Okawaru
Ru
Vehumet
Xom
Beogh
Jiyva

Shops:
D:1 :   Orc:2 :[?*

Portals:
Hell: Lair:6
Abyss: Lair:2

Annotations:
Lair:1 2 transporters, Conn's ghost, journeyman OpFE
Lair:2 2 transporters, Pioh's ghost, journeyman DECj
Orc:2 1 runed translucent door, Conn's ghost, journeyman OpFE; Saint Roka


Innate Abilities, Weirdness & Mutations

You can walk on water.
You have a pair of small horns on your head.
You are partially covered in iridescent scales. (AC +2)
You are agile. (Dex +2)
You occasionally shout uncontrollably at your foes.


Message History

You are too injured to fight recklessly!
You whack the bunyip! Your headbutt misses the bunyip.
The bunyip is heavily wounded.
A root smacks you from below!
Margrim is hit by a branch!
Your orc warrior is hit by a branch!
Margrim unwields a +2 vampiric glaive.
Margrim wields a +1 arbalest.
Margrim shoots a bolt.
The bolt closely misses the bunyip.
You whack the bunyip! You headbutt the bunyip.
The bunyip is severely wounded.
The bunyip claws you. x2; You block the bunyip's attack.
The spriggan rider hits you but does no damage.
The bunyip howls a warning cry!
A tyrant leech comes into view.
You hit the bunyip.
You headbutt the bunyip, but do no damage.
The bunyip is severely wounded.
A tree reaches out and hits you!
* * * LOW HITPOINT WARNING * * *
A tree reaches out and hits Margrim!
A root smacks your orc warrior from below!
A tyrant leech comes into view.
You yell at the tyrant leech!
The spriggan rider barely misses you.
Margrim shoots a bolt.
The bolt hits the bunyip!
Found a wand of flame (12).
A root smacks Margrim from below!
Your orc warrior is hit by a branch!
Your orc warrior dies!
A tree reaches out and hits you!
* * * LOW HITPOINT WARNING * * *
The tyrant leech barely misses Margrim.
You see here a potion of might.
You feel much better.
A tree reaches out and hits Margrim!
A root lunges up near you.
The spriggan druid hits you with a +0 quarterstaff!
The spriggan rider hits you from afar with a +0 spear!
* * * LOW HITPOINT WARNING * * *
A swamp dragon comes into view.
You block the bunyip's attack. The bunyip claws you!!
* * * LOW HITPOINT WARNING * * *
The bunyip claws you!!
You die...

♣.≈♣ ♣≈>♣ ...♣
♣...♣ ♣≈.♣ .≈≈##
♣..≈♣♣..♣ ....
♣≈≈≈.≈..♣ ♣.D.
♣.≈(≈♣≈.♣♣..#
♣§≈≈≈≈♣♣).w#
♣..<≈)♣♣)..#
♣.≈†§)woix.####
♣.≈.≈≈♣@xi......
♣♣...≈♣≈.≈......
♣...≈§.≈♣≈♣.≈..
♣....(.≈≈≈≈.♣.♣
♣...≈..§≈≈§.♣ ♣
♣..≈≈.♣♣≈≈≈.♣
♣♣.♣≈.≈ }..≈♣
♣≈≈/. ≈≈≈.♣


You could see 2 bunyips, a swamp dragon, 2 tyrant leeches, a spriggan rider, a
spriggan druid and the friendly Margrim the orc knight.

Vanquished Creatures
  An orc warlord (Orc:2)
  A bunyip (Swamp:1)
  Josephine (D:10)
  A centaur warrior (D:13)
  3 hydras (Lair:6)
  A death knight (D:12)
  4 death yaks (Lair:6)
  4 two-headed ogres
  A spriggan (Swamp:1)
  Sonja (Lair:1)
  A sixfirhy (Lair:6)
  A skeletal warrior (D:11)
  A necromancer (IceCv)
  2 orc knights (Orc:2)
  An orc sorcerer (Orc:1)
  9 elephants
  A cyclops (D:12)
  An ice statue (IceCv)
  2 black mambas (Lair:6)
  6 cane toads
  4 rime drakes
  A gargoyle (D:12)
  2 freezing wraiths (IceCv)
  Psyche (D:8)
  14 ice devils
  A komodo dragon (Lair:6)
  An anaconda simulacrum (IceCv)
  A demonic crawler (D:13)
  A meliai (D:13)
  4 entropy weaver simulacra (IceCv)
  A queen bee (D:13)
  5 trolls
  A polar bear (Lair:3)
  A hornet (Swamp:1)
  A slime creature (D:13)
  A raiju (shapeshifter) (D:10)
  3 blink frogs
  2 dream sheep
  19 yaks
  2 dire elephant simulacra (IceCv)
  A vampire (D:13)
  6 wraiths
  2 shadows (D:10)
  Eustachio (D:6)
  3 wyverns
  A basilisk (Lair:6)
  Grum (D:8)
  2 vampire mosquitoes (D:12)
  3 death yak simulacra (IceCv)
  A steam dragon (D:8)
  A harpy simulacrum (IceCv)
  A warg (Orc:1)
  An acid dragon (D:12)
  3 water moccasins
  3 hell hounds (Lair:6)
  7 orc warriors
  The ghost of nada the Covered, an amateur DDFi (D:4)
  A sky beast (D:6)
  2 necrophages
  3 ogres
  20 wolves
  5 centaurs
  A phantom (D:10)
  3 kobold brigands
  7 bullfrogs
  3 gnoll sergeants
  3 cane toad simulacra (IceCv)
  4 scorpions
  A water moccasin zombie (D:7)
  5 killer bees
  A troll zombie (D:10)
  6 elephant simulacra (IceCv)
  A wight (D:4)
  2 howler monkeys (D:8)
  3 bullfrog zombies
  2 hounds
  8 orc priests
  2 gnoll shamans
  Ijyb (D:5)
  A centaur skeleton (D:6)
  3 iguanas
  A scorpion zombie (D:5)
  9 orc wizards
  6 polar bear simulacra (IceCv)
  A spriggan simulacrum (IceCv)
  2 hell rats (Lair:6)
  2 troll simulacra (IceCv)
  A killer bee zombie (D:9)
  2 wolf simulacra (IceCv)
  3 ogre zombies (D:10)
  A hound skeleton (D:4)
  2 howler monkey zombies
  17 gnolls
  A howler monkey skeleton (D:5)
  9 adders
  2 naga simulacra (IceCv)
  A white imp (D:6)
  3 ufetubi
  2 adder skeletons
  3 worms
  2 dart slugs
  38 orcs
  6 ball pythons
  5 endoplasms
  2 giant cockroaches
  4 goblins
  5 hobgoblins
  6 quokkas
  6 bats
  A frilled lizard (D:3)
  A goblin zombie (D:10)
  2 hobgoblin skeletons (D:10)
  17 kobolds
  3 orc skeletons (D:10)
  8 orc zombies (D:10)
  3 rats
412 creatures vanquished.

Vanquished Creatures (collateral kills)
  Frances (D:13)
  An ettin (D:13)
  4 boulder beetles
  5 hydras
  5 two-headed ogres
  6 death yaks (Lair:6)
  The ghost of Deminshera the Basher, a novice OgBe of Trog (D:6)
  An iron troll (D:13)
  4 skeletal warriors (D:11)
  2 lindwurms (Lair:6)
  A wizard (Lair:6)
  An orc knight (Orc:2)
  4 oklob plants (Lair:5)
  A manticore (D:12)
  5 elephants
  Maurice (D:11)
  2 torpor snails
  2 orange demons (Lair:6)
  5 cane toads
  A demonic crawler (D:13)
  9 komodo dragons
  2 unseen horrors
  5 rime drakes
  3 ice devils
  A red devil (Lair:6)
  A hellwing (Lair:6)
  5 meliai (D:13)
  5 trolls
  A polar bear (Lair:6)
  15 blink frogs
  3 slime creatures (D:13)
  13 dream sheep
  17 yaks
  2 basilisks
  2 wyverns
  2 wraiths
  9 vampire mosquitoes
  A warg (Orc:2)
  A hell hound (Lair:6)
  An acid dragon (D:11)
  8 water moccasins
  10 orc warriors
  3 ogres (Orc:2)
  8 centaurs
  33 wolves
  8 bullfrogs
  3 gnoll sergeants
  A kobold brigand (D:10)
  A scorpion (Lair:2)
  A troll zombie (D:10)
  25 killer bees
  An orc priest (Orc:2)
  3 orc wizards
  2 hell rats (Lair:6)
  An ogre zombie (D:10)
  3 gnolls (D:6)
  7 orcs
  4 giant cockroaches (Lair:2)
  A jackal (D:4)
  A goblin zombie (D:10)
  2 kobolds
  2 orc skeletons (D:10)
  2 orc zombies (D:10)
281 creatures vanquished.

Vanquished Creatures (others)
  An orc knight (D:13)
  2 orc sorcerers
  18 orc warriors
  An orc priest (Orc:2)
  A jelly (D:8)
  8 orc wizards
  22 orcs
  2 kobolds (D:3)
  52 fungi
  79 plants
186 creatures vanquished.

Grand Total: 879 creatures vanquished

Notes
Turn   | Place    | Note
-------+----------+-------------------------------------------
     0 | D:1      | ChaosChampion the Hill Orc Fighter began the quest for the
                  | Orb.
     0 | D:1      | Reached XP level 1. HP: 19/19 MP: 1/1
   232 | D:1      | Found Yvinuh's Book Shoppe.
   363 | D:1      | Found a faded altar of an unknown god.
   385 | D:1      | Reached XP level 2. HP: 27/27 MP: 2/2
   639 | D:1      | Reached XP level 3. HP: 14/33 MP: 3/3
  1008 | D:2      | Reached XP level 4. HP: 33/40 MP: 4/4
  1424 | D:3      | Became a worshipper of Beogh the Brigand
  1438 | D:3      | Reached XP level 5. HP: 21/47 MP: 5/5
  1937 | D:3      | You fall into a shaft and drop 2 floors!
  1937 | D:5      | Entered Level 5 of the Dungeon
  1937 | D:5      | Noticed an ogre
  1960 | D:4      | Found a runed translucent gate.
  1960 | D:4      | Found a runed translucent gate.
  1960 | D:4      | Found a runed translucent gate.
  1963 | D:4      | Identified the +7 plate armour of Ennui {Int+4}
  1963 | D:4      | Noticed an orc warrior
  1966 | D:4      | Noticed nada's ghost (amateur DDFi)
  1967 | D:4      | Found a roughly hewn altar of Beogh.
  2056 | D:3      | Found Yptyilui's Magic Scroll Shoppe.
  2090 | D:3      | Bought a scroll of teleportation for 30 gold pieces
  2090 | D:3      | Bought a scroll of identify for 20 gold pieces
  2090 | D:3      | Bought a scroll of identify for 20 gold pieces
  2090 | D:3      | Bought a scroll of blinking for 75 gold pieces
  2441 | D:3      | Noticed a necrophage
  2449 | D:3      | Killed a necrophage
  2450 | D:3      | Reached skill level 5 in Fighting
  2450 | D:3      | Reached XP level 6. HP: 50/56 MP: 6/6
  2623 | D:4      | Reached skill level 5 in Axes
  2739 | D:4      | Found a transporter.
  2818 | D:4      | Found a transporter.
  2913 | D:4      | Reached skill level 5 in Armour
  2913 | D:4      | Reached skill level 5 in Shields
  2921 | D:4      | Reached XP level 7. HP: 40/61 MP: 7/7
  2925 | D:4      | Reached * piety under Beogh
  3253 | D:4      | Found a blossoming altar of Fedhas.
  3918 | D:5      | Noticed Ijyb
  3978 | D:5      | Killed Ijyb
  4788 | D:6      | Noticed Eustachio
  4796 | D:6      | Killed Eustachio
  4797 | D:6      | Reached XP level 8. HP: 69/71 MP: 8/8
  5583 | D:6      | Reached ** piety under Beogh
  5647 | D:6      | Found a transporter.
  5693 | D:6      | Found a transporter.
  5701 | D:6      | Noticed Deminshera's ghost (novice OgBe)
  6283 | D:7      | Found a staircase to the Ecumenical Temple.
  6646 | D:7      | Reached XP level 9. HP: 80/82 MP: 9/9
  6839 | D:7      | Found a radiant altar of Vehumet.
  6846 | D:7      | Got the Handbook of the Yeti
  6912 | D:7      | Noticed a two-headed ogre
  6919 | D:7      | Killed a two-headed ogre
  6920 | D:7      | Reached skill level 10 in Axes
  7236 | D:7      | Found a sacrificial altar of Ru.
  7251 | D:7      | Identified the +9 dagger of Wu Jian's Benevolence {drain,
                  | Int+3}
  7676 | D:8      | Reached *** piety under Beogh
  8010 | D:8      | Reached XP level 10. HP: 57/91 MP: 10/10
  8170 | D:8      | Found a shimmering altar of Xom.
  8271 | D:8      | Noticed Psyche
  8490 | D:8      | Killed Psyche
  8585 | D:8      | Noticed Grum
  8596 | D:8      | Killed Grum
  8612 | D:8      | Reached skill level 15 in Axes
  9176 | D:9      | Found an iron altar of Okawaru.
  9180 | D:9      | Found an ancient bone altar of Kikubaaqudgha.
  9374 | D:9      | Identified the +10 whip "Newtslayer" {antimagic, rF+++
                  | Will+ Dex+4 Stlth-}
  9535 | D:9      | Reached skill level 1 in Maces & Flails
  9535 | D:9      | Reached skill level 1 in Invocations
  9817 | D:9      | Found a staircase to the Lair.
  9833 | D:9      | Reached skill level 2 in Maces & Flails
  9903 | D:9      | Noticed a two-headed ogre
  9912 | D:9      | Killed a two-headed ogre
  9913 | D:9      | Reached skill level 3 in Maces & Flails
 10080 | D:9      | Reached skill level 4 in Maces & Flails
 10183 | D:10     | Entered Level 10 of the Dungeon
 10280 | D:10     | Reached **** piety under Beogh
 10285 | D:10     | Found a staircase to the Orcish Mines.
 10309 | D:10     | Gained Orbeogh as an ally
 10326 | D:10     | Reached skill level 5 in Maces & Flails
 10738 | D:10     | Reached XP level 11. HP: 97/97 MP: 4/14
 10835 | D:10     | Reached skill level 6 in Maces & Flails
 10835 | D:10     | Reached skill level 5 in Invocations
 10996 | D:10     | Noticed Josephine
 11012 | D:10     | Killed Josephine
 11018 | D:10     | Reached skill level 7 in Maces & Flails
 11395 | D:10     | Reached skill level 8 in Maces & Flails
 11683 | D:11     | Noticed a two-headed ogre
 11688 | D:11     | Killed a two-headed ogre
 11724 | D:11     | Noticed a skeletal warrior
 11724 | D:11     | Noticed a skeletal warrior
 11724 | D:11     | Noticed a skeletal warrior
 11724 | D:11     | Noticed a skeletal warrior
 12103 | D:4      | Reached ***** piety under Beogh
 12121 | D:4      | Killed nada's ghost
 12466 | D:6      | Killed Deminshera's ghost
 12467 | D:6      | Reached skill level 9 in Maces & Flails
 12814 | D:3      | Bought a scroll of fear for 35 gold pieces
 12814 | D:3      | Bought a scroll of brand weapon for 200 gold pieces
 12814 | D:3      | Bought a scroll of fog for 20 gold pieces
 12814 | D:3      | Bought a scroll of holy word for 75 gold pieces
 12984 | D:11     | Noticed a skeletal warrior
 12986 | D:11     | Killed a skeletal warrior
 12989 | D:11     | Killed a skeletal warrior
 12989 | D:11     | Gained Boghold as an ally
 13305 | D:11     | Killed a skeletal warrior
 13320 | D:11     | Killed a skeletal warrior
 13331 | D:11     | Killed a skeletal warrior
 13715 | D:11     | Noticed an eight-headed hydra
 13722 | D:11     | Killed a nine-headed hydra
 13723 | D:11     | Reached XP level 12. HP: 68/106 MP: 5/16
 13736 | D:11     | Reached skill level 10 in Maces & Flails
 14004 | D:11     | Got Veuskuk's Incunabulum of the Rocks
 14168 | D:11     | Gained mutation: You are partially covered in iridescent
                  | scales. (AC +2) [potion of mutation]
 14168 | D:11     | Gained mutation: You occasionally shout uncontrollably at
                  | your foes. [potion of mutation]
 14168 | D:11     | Gained mutation: Your magical capacity is low. (-10% MP)
                  | [potion of mutation]
 14252 | D:11     | Noticed a two-headed ogre
 14252 | D:11     | Noticed a two-headed ogre
 14253 | D:11     | Noticed Maurice
 14258 | D:11     | Killed a two-headed ogre
 14260 | D:11     | Killed a two-headed ogre
 14263 | D:11     | Killed Maurice
 14264 | D:11     | Reached skill level 10 in Fighting
 14660 | D:12     | Noticed a two-headed ogre
 14667 | D:12     | Killed a two-headed ogre
 14670 | D:12     | Noticed a boulder beetle
 14684 | D:12     | Killed a boulder beetle
 14685 | D:12     | Noticed a boulder beetle
 14688 | D:12     | Killed a boulder beetle
 14945 | D:12     | Noticed a two-headed ogre
 14953 | D:12     | Killed a two-headed ogre
 14954 | D:12     | Reached skill level 11 in Maces & Flails
 15002 | D:12     | Noticed a death knight
 15023 | D:12     | Killed a death knight
 15965 | D:13     | Noticed a boulder beetle
 16269 | D:13     | Noticed a boulder beetle
 16273 | D:13     | Killed a boulder beetle
 16278 | D:13     | Your ally Orbeogh died
 16279 | D:13     | Killed a boulder beetle
 16381 | D:13     | Noticed Frances
 16389 | D:13     | Killed Frances
 16693 | D:13     | Lost mutation: You occasionally shout uncontrollably at
                  | your foes. [potion of mutation]
 16693 | D:13     | Lost mutation: Your magical capacity is low. (-10% MP)
                  | [potion of mutation]
 16693 | D:13     | Gained mutation: You occasionally shout uncontrollably at
                  | your foes. [potion of mutation]
 16693 | D:13     | Gained mutation: You have a pair of small horns on your
                  | head. [potion of mutation]
 16693 | D:13     | Gained mutation: You are agile. (Dex +2) [potion of
                  | mutation]
 16753 | D:13     | Noticed a two-headed ogre
 16756 | D:13     | Killed a two-headed ogre
 16929 | D:13     | Noticed Urug
 17095 | D:13     | Reached skill level 12 in Maces & Flails
 17097 | D:13     | Reached XP level 13. HP: 85/111 MP: 5/17
 17419 | D:13     | HP: 1/116 [meliai/divine providence (17)]
 17428 | D:13     | HP: 1/116 [meliai/divine providence (13)]
 17987 | D:13     | Noticed an ettin
 17997 | D:13     | Killed an ettin
 18024 | D:13     | Found a gate to the Vaults.
 18532 | Lair:1   | Entered Level 1 of the Lair of Beasts
 18551 | Lair:1   | Noticed Conn's ghost (journeyman OpFE)
 18559 | Lair:1   | Found a transporter.
 18619 | Lair:1   | Found a transporter.
 18688 | Lair:1   | Noticed Sonja
 18693 | Lair:1   | Killed Sonja
 19366 | Lair:1   | Found an opulent altar of Gozag.
 19615 | Lair:2   | Found a frozen archway.
 19641 | IceCv    | Entered an ice cave
 20242 | IceCv    | Reached skill level 13 in Maces & Flails
 20551 | IceCv    | Found an ancient bone altar of Kikubaaqudgha.
 22352 | IceCv    | HP: 4/115 [ice devil (6)]
 22829 | IceCv    | Got the Handbook of Doomed Cold
 23231 | Lair:2   | Found a transporter.
 23238 | Lair:2   | Found a one-way gate to the infinite horrors of the Abyss.
 23240 | Lair:2   | Noticed Pioh's ghost (journeyman DECj)
 23373 | Lair:2   | Noticed a rakshasa
 23390 | Lair:2   | Found a transporter.
 23405 | Lair:2   | Identified the +2 long sword of Welfare {vorpal, rC+ rCorr
                  | Int+4 Stlth-}
 23667 | Lair:2   | Found a hole to the Spider Nest.
 23728 | Lair:2   | Reached ****** piety under Beogh
 23811 | Lair:2   | Reached skill level 10 in Armour
 24153 | Lair:3   | Reached skill level 14 in Maces & Flails
 24155 | Lair:3   | Reached skill level 10 in Shields
 24173 | Lair:3   | Reached XP level 14. HP: 105/127 MP: 6/18
 24612 | Lair:3   | Gained Brandogh as an ally
 24612 | Lair:3   | Gained Margrim as an ally
 25724 | Lair:4   | Found a staircase to the Swamp.
 25748 | Lair:4   | Found an opulent altar of Gozag.
 27148 | Lair:6   | Entered Level 6 of the Lair of Beasts
 27285 | Lair:6   | Reached skill level 15 in Maces & Flails
 28091 | Lair:6   | Found a viscous altar of Jiyva.
 28091 | Lair:6   | Found a staircase to the Slime Pits.
 28561 | Lair:6   | Reached XP level 15. HP: 135/137 MP: 6/19
 28561 | Lair:6   | Found a burning altar of Makhleb.
 28586 | Lair:6   | Found a gateway to Hell.
 28809 | Lair:6   | Identified the +8 quarterstaff of Cobwebs {flame, Fragile
                  | rElec rC++ rN+}
 28853 | Lair:6   | Reached skill level 16 in Maces & Flails
 29648 | Orc:1    | Entered Level 1 of the Orcish Mines
 29668 | Orc:1    | Gained Jorge as an ally
 30015 | Orc:2    | Entered Level 2 of the Orcish Mines
 30015 | Orc:2    | Noticed an orc warlord
 30015 | Orc:2    | Found a runed translucent door.
 30016 | Orc:2    | Found a shimmering altar of Xom.
 30016 | Orc:2    | Noticed Conn's ghost (journeyman OpFE)
 30032 | Orc:2    | Killed an orc warlord
 30058 | Orc:2    | Gained Ognian as an ally
 30063 | Orc:2    | Your ally Ognian died
 30121 | Orc:2    | Found Repregen's Armour Emporium.
 30121 | Orc:2    | Found Witisisu's Magic Scroll Shop.
 30123 | Orc:2    | Found Odyelog's General Store.
 30125 | Orc:2    | Found Tired's Book Shoppe.
 30132 | Orc:2    | Bought a scroll of identify for 28 gold pieces
 30132 | Orc:2    | Bought a scroll of identify for 28 gold pieces
 30132 | Orc:2    | Bought a scroll of enchant armour for 105 gold pieces
 30162 | Orc:2    | Gained Bogwald as an ally
 30172 | Orc:2    | Noticed Saint Roka
 30178 | Orc:2    | Gained Ortolf as an ally
 30185 | Orc:2    | Your ally Ortolf died
 30186 | Orc:2    | Your ally Bogwald died
 30187 | Orc:2    | Bought the +8 fire dragon scales "Finoa" {rF++ rC- Int+4
                  | Slay+3} for 1664 gold pieces
 30642 | Swamp:1  | Entered Level 1 of the Swamp
 30718 | Swamp:1  | Demolished by a bunyip

Illustrated notes

Levels and vault maps discovered:
D:1:      dpeg_arrival_rhombi, layout_rooms, serial_shops, shop_statue,
          shapermc_ecumenical_altar_starsandcircs
D:2:      layout_rooms
D:3:      layout_loops_corners, serial_shops, shop_coins, grunt_ministairs_11
D:4:      minmay_general_purpose_star, layout_basic,
          gammafunk_temple_overflow_arena, serial_aquarium,
          aquarium_bridge_square [aquarium_subvault_bridge,
          aquarium_subvault_bridge, aquarium_subvault_wall,
          aquarium_subvault_bridge], aquarium_bridge_square
          [aquarium_subvault_bridge, aquarium_subvault_wall,
          aquarium_subvault_window, aquarium_subvault_wall],
          aquarium_window_fake, aquarium_window_fake, aquarium_view_2g,
          aquarium_view_2c, aquarium_balcony_1b, biasface_ghost_orc_armoury,
          minmay_checkerbox
D:5:      layout_loops_cross, uniq_ijyb
D:6:      layout_loops_ring, gammafunk_ghost_gnarly_gnolls, skrybe_limestone_x,
          uniq_eustachio
D:7:      layout_loops_ring, nicolae_ru_awakened_eye, kennysheep_little_box,
          minmay_temple_entry_tees, minmay_misc_feat_alley
D:8:      layout_basic, nicolae_overflow_hidden_temple,
          hangedman_abyss_or_decor_clamps, uniq_psyche, uniq_grum
D:9:      layout_gridville, mainiacjoe_overflow_catch_the_wave,
          grunt_lair_entry_orc_guard_hut
D:10:     layout_roguey, zombieorc1_lemuel, uniq_josephine
D:11:     layout_roguey, uniq_maurice
D:12:     lemuel_ice_spiral_2, layout_basic
D:13:     layout_roguey [special_room_bee], david_vaults_4, serial_rivers,
          chequers_serial_rivers_small_3, chequers_serial_rivers_large_a,
          chequers_serial_rivers_micro_e, chequers_serial_rivers_large_b,
          einodemon_crawler_minivault, uniq_urug, uniq_frances
Lair:1:   layout_chaotic_city, gammafunk_ghost_berserking_beasts, basic_altar,
          grunt_megastairs_2, infiniplex_staircase_pool, uniq_sonja
Lair:2:   layout_roguey, nicolae_spider_entry_non_spiders,
          portal_ice_cave_demonic_guard, gammafunk_ghost_abyssal_escape
Lair:3:   layout_hall_layers, grunt_forest_large_clearings,
          infiniplex_staircase_pool_2, lemuel_fruit_fields
Lair:4:   layout_regular_city, swamp_mist, basic_altar
Lair:5:   minmay_lair_oklob_tunnel, layout_long_grid, lemuel_fruit_fields
Lair:6:   evil_forest, layout_small_grid, dpeg_slime_entry_enclosed_altar
Swamp:1:  layout_falls_marsh, evilmike_swamp_ruin_house_5, swamp_pool3
Orc:1:    layout_diamond_mine, mines4_lemuel
Orc:2:    st_orc_rangers, layout_caves, ebering_ghost_xom, uniq_saint_roka

Skill      XL: |  1  2  3  4  5  6  7  8  9 10 11 12 13 14 15 |
---------------+----------------------------------------------+-----
Axes           | 3 4 5 6 8 13 15 | 15.4
Fighting       | 4 5 6 8 9 11 12 13 14 | 14.2
Armour         | 4 5 6 8 10 11 | 11.9
Shields        | 4 5 6 8 10 11 | 11.9
Maces & Flails | 5 9 12 14 15 16 | 16.5
Invocations    | 4 6 |  6.0

Action                   |  1- 3 |  4- 6 |  7- 9 | 10-12 | 13-15 || total
-------------------------+-------+-------+-------+-------+-------++-------
Melee: War axe           |    64 |   147 |   338 |    97 |       ||   646
       Unarmed           |       |       |     7 |       |       ||     7
       Whip              |       |       |       |   470 |   916 ||  1386
       Headbutt          |       |       |       |    10 |   344 ||   354
Throw: Throwing net      |       |       |     1 |       |       ||     1
Invok: Convert to Beogh  |       |     1 |       |       |       ||     1
       Recall Orcish Fol |       |       |       |     4 |     6 ||    10
       Smiting           |       |       |       |     4 |     5 ||     9
       Give Item to Name |       |       |       |     2 |     4 ||     6
       Resurrection      |       |       |       |       |     1 ||     1
  Use: Scroll            |       |       |    10 |     4 |     8 ||    22
       Potion            |       |       |       |     6 |     3 ||     9
 Stab: Held in net/web   |       |       |     2 |       |       ||     2
       Distracted        |       |       |       |       |     7 ||     7
Armor: Scale mail        |    35 |    64 |    39 |       |       ||   138
       Ring mail         |       |       |   105 |   172 |     3 ||   280
       Plate armour      |       |       |       |       |   329 ||   329
Dodge: Dodged            |    32 |    80 |   154 |   184 |   242 ||   692
       Repelled          |       |       |       |     3 |    12 ||    15
Block: Buckler           |    21 |    33 |    77 |    58 |       ||   189
       Kite shield       |       |       |       |    87 |   402 ||   489

Table legend: (Time is in decaauts)
 A = Elapsed time spent in this place.
 B = Non-inter-level travel time spent in this place.
 C = Inter-level travel time spent in this place.
 D = Time resting spent in this place.
 E = Time spent auto-exploring this place.
 F = Levels seen in this place.
 G = Mean time per level.
                   A        B        C        D        E       F      G
               +--------+--------+--------+--------+--------+-----+--------+
         Total |  30275 |  28740 |   1535 |   5749 |  18017 |  23 | 1316.3 |
       Dungeon |  18558 |  17433 |   1125 |   2974 |  11558 |  13 | 1427.5 |
          Lair |   7590 |   7207 |    383 |    423 |   5723 |   6 | 1265.0 |
         Swamp |     16 |     16 |      0 |      0 |      0 |   1 |   16.0 |
  Orcish Mines |    845 |    819 |     26 |    238 |    252 |   2 |  422.5 |
      Ice Cave |   3264 |   3264 |      0 |   2113 |    484 |   1 | 3264.0 |
               +--------+--------+--------+--------+--------+-----+--------+

Top non-repeatable levels by time:
   IceCv: 3264 daAuts
  Lair:6: 2282 daAuts
    D:13: 2185 daAuts
    D:10: 2072 daAuts
     D:6: 1910 daAuts
    D:12: 1895 daAuts
     D:7: 1864 daAuts
     D:4: 1557 daAuts
     D:3: 1326 daAuts
  Lair:2: 1226 daAuts
     D:9: 1159 daAuts
    D:11: 1105 daAuts
  Lair:3: 1097 daAuts
     D:8: 1072 daAuts
  Lair:1: 1047 daAuts
